Map: [ESL] Hard Lead

Players

ShaDoWn - Winner!

  • Race: Protoss Protoss
  • Spawn Location: 5:00

goblin

  • Race: Protoss Protoss
  • Spawn Location: 11:00

Event: ESL SC2 Masters 2023 Winter (Regional)

VOD

Have the link to the VOD?

Description

Time

  • Played on: Nov. 2, 2023, 11:16 a.m.
  • Length: 11:19

All games in this series

Show
View Real Time Build Order
Export as new Build Order

ShaDoWn Protoss - Winner!

Build Orders:  

Get SALT Encoding   

  12  0:00  Probe  
  13  0:12  Probe  
  14  0:17  Pylon  
  14  0:24  Probe  
  15  0:35  Gateway  
  15  0:36  Probe (Chrono Boost)  
  16  0:44  Assimilator  
  16  0:46  Probe (Chrono Boost)  
  17  0:52  Probe  
  17  0:55  Assimilator  
  18  1:04  Probe (Chrono Boost)  
  19  1:08  Gateway  
  19  1:13  Probe (Chrono Boost)  
  19  1:18  Probe (Chrono Boost)  
  20  1:23  Cybernetics Core  
  21  1:30  Probe  
  22  1:37  Pylon  
  22  1:42  Probe  
  23  1:55  Probe  
  23  2:00  Warp Gate  
  26  2:01  Stalker  
  28  2:09  Sentry  
  28  2:10  Probe, Pylon  
  29  2:23  Probe  
  30  2:31  Stalker  
  30  2:33  Sentry  
  34  2:43  Nexus  
  34  2:46  Probe  
  35  2:58  Pylon  
  35  3:00  Stalker  
  37  3:07  Probe  
  38  3:16  Sentry  
  38  3:19  Probe  
  41  3:24  Robotics Facility  
  41  3:29  Shield Battery  
  41  3:33  Probe  
  42  3:45  Probe  
  42  3:48  Stalker x2  
  47  3:59  Probe  
  48  4:09  Immortal (Chrono Boost)  
  49  4:12  Stalker  
  49  4:14  Adept  
  56  4:20  Pylon, Phoenix  
  56  4:21  Probe  
  56  4:23  Probe  
  57  4:38  Probe x2  
  57  4:40  Pylon  
  57  4:43  Warp Prism (Chrono Boost)  
  59  4:50  Pylon  
  59  4:52  Adept  
  61  5:01  Stalker  
  61  5:04  Pylon  
  63  5:14  Immortal (Chrono Boost), Adept  
  69  5:24  Pylon  
  69  5:29  Shield Battery  
  69  5:40  Immortal (Chrono Boost)  
  69  5:42  Adept x2  
  52  5:59  Pylon  
  52  6:01  Probe  
  52  6:02  Probe  
  52  6:04  Adept x2  
  52  6:09  Shield Battery  
  56  6:13  Pylon  
  56  6:14  Probe  
  56  6:16  Immortal  
  57  6:30  Adept x2  
  61  6:43  Probe  
  61  6:45  Probe  
  61  6:51  Adept x2  
  65  6:55  Probe  
  65  6:59  Probe  
  67  7:05  Pylon  
  67  7:09  Probe  
  67  7:11  Adept x2  
  72  7:16  Pylon  
  72  7:20  Immortal  
  76  7:23  Pylon  
  76  7:35  Adept x2  
  80  7:39  Pylon  
  80  7:47  Probe  
  80  7:51  Probe  
  82  7:56  Adept x2  
  66  8:19  Adept x2  
  59  8:32  Probe (Chrono Boost)  
  48  8:41  Probe (Chrono Boost)  
  48  8:42  Stalker  
  48  8:43  Stalker  
  48  8:47  Immortal (Chrono Boost)  
  57  8:51  Probe (Chrono Boost)  
  57  8:56  Probe x2 (Chrono Boost)  
  59  9:06  Adept x2  
  59  9:08  Probe  
  59  9:09  Probe  
  66  9:24  Probe x2  
  67  9:36  Probe x2  
  64  9:42  Stalker x2  
  67  9:48  Probe  
  68  9:52  Probe  
  68  10:00  Probe  
  68  10:05  Observer  
  68  10:06  Sentry x2  
  74  10:10  Probe  
  74  10:15  Probe  
  73  10:22  Probe  
  73  10:27  Probe  
  73  10:28  Twilight Council  
  75  10:31  Assimilator  
  75  10:32  Pylon  
  75  10:34  Assimilator, Probe  
  75  10:35  Pylon  
  76  10:41  Stalker  
  78  10:53  Gateway  
  78  10:56  Pylon  
  78  10:57  Stalker  
  77  11:15  Stalker  
Show
View Real Time Build Order
Export as new Build Order

goblin Protoss 

Build Orders:  

Get SALT Encoding   

  12  0:00  Probe  
  13  0:12  Probe  
  14  0:19  Pylon  
  14  0:24  Probe  
  15  0:37  Probe (Chrono Boost)  
  15  0:39  Gateway  
  16  0:46  Probe (Chrono Boost)  
  16  0:48  Assimilator  
  17  0:51  Probe  
  17  0:55  Assimilator  
  18  1:03  Probe (Chrono Boost)  
  19  1:09  Gateway  
  19  1:13  Probe (Chrono Boost)  
  19  1:18  Probe (Chrono Boost)  
  21  1:27  Cybernetics Core  
  21  1:30  Probe  
  22  1:36  Pylon  
  22  1:43  Probe  
  23  1:55  Probe  
  24  2:03  Adept x2  
  24  2:04  Warp Gate  
  24  2:07  Probe  
  29  2:19  Pylon  
  29  2:20  Robotics Facility  
  29  2:36  Stalker  
  29  2:37  Stalker  
  33  2:49  Gateway  
  33  2:51  Shield Battery  
  33  3:06  Sentry x2  
  33  3:07  Warp Prism (Chrono Boost)  
  39  3:16  Pylon  
  39  3:33  Immortal (Chrono Boost)  
  39  3:35  Pylon  
  43  3:58  Adept x3  
  49  4:11  Observer, Pylon  
  50  4:19  Pylon  
  50  4:40  Adept x2  
  50  4:41  Adept  
  56  4:47  Pylon  
  56  5:02  Adept x3  
  62  5:15  Pylon  
  62  5:22  Adept x3  
  58  5:45  Adept x3  
  48  6:01  Immortal (Chrono Boost)  
  52  6:06  Sentry x3  
  56  6:30  Adept x3  
  60  6:52  Sentry  
  60  6:53  Sentry  
  64  6:56  Adept  
  64  7:00  Pylon  
  66  7:16  Adept x3  
  72  7:38  Adept x3  
  70  8:10  Adept x2  
  70  8:11  Adept  
  52  8:30  Adept  
  52  8:31  Adept  
  52  8:32  Adept  
  50  8:37  Immortal (Chrono Boost)  
  42  8:47  Observer  
  40  8:57  Sentry x2  
  44  9:07  Immortal (Chrono Boost)  
  48  9:12  Adept  
  45  9:50  Adept x3  
  48  10:29  Observer  
  48  10:30  Adept x3  
  54  10:51  Sentry  
  54  10:52  Sentry, Adept  
Tags
 
Add a new tag
Caveats
  • Supply blocks, unpowered buildings, or Contaminate may cause inaccurate times.
  • Supply counts are checked every 10 seconds.